 Dungeon Crawl Stone Soup version 0.30-a0-1158-gd85ba11b5a (webtiles) character file.

Game seed: 9194029333890796942

7809 Armakuni the Tainter (level 11, -4/51 (58) HPs)
             Began as a Vine Stalker Artificer on Apr 23, 2023.
             Was an Initiate of Gozag.
             Slain by a spectral orc knight
             ... wielding a +0 long sword
             ... summoned by Nergalle
              (8 damage)
             ... on level 10 of the Dungeon on Apr 25, 2023.
             The game lasted 00:30:10 (9290 turns).

Armakuni the Tainter (Vine Stalker Artificer)       Turns: 9290, Time: 00:30:11

HP:   -4/51 (58)    AC: 18    Str: 16    XL:     11   Next: 21%
MP:   0/13          EV: 11    Int: 15    God:    Gozag
Gold: 1018          SH:  0    Dex: 14    Spells: 10/12 levels left

rFire   + . .        a - +3 whip (elec)
rCold   . . .        (no shield)
rNeg    . . .        i - +5 scale mail {rF+}
rPois   .            (no helmet)
rElec   +            y - +0 cloak
rCorr   +            A - +0 pair of gloves
SInv    .            t - +2 pair of boots
Will    +....        E - amulet "Lothom" {Fly rElec Regen+ rCorr Stlth-} Stlth
                     L - ring of flight
HPRegen 1.88/turn    (no ring)
MPRegen 0.13/turn

%: guardian spirit
@: flying, heavily drained
A: fangs 3, regeneration 1, magic shield, antimagic bite, no potion heal 2
a: Renounce Religion, Potion Petition, Call Merchant, Bribe Branch


You were on level 10 of the Dungeon.
You worshipped Gozag.
Gozag was most pleased with you.
You visited 2 branches of the dungeon, and saw 11 of its levels.

You collected 1584 gold pieces.
You spent 510 gold pieces at shops.
You paid 56 gold pieces to Gozag.

Inventory:

Hand Weapons
 a - a +3 whip of electrocution (weapon)
 b - a +0 quarterstaff
 v - a +3 scimitar of flaming
Missiles
 o - 24 poisoned darts
 s - 5 boomerangs
Armour
 i - a +5 scale mail of fire resistance (worn)
 t - a +2 pair of boots (worn)
 y - a +0 cloak (worn)
 A - a +0 pair of gloves (worn)
Jewellery
 E - the amulet "Lothom" (around neck) {Fly rElec Regen+ rCorr Stlth-}
   (You bought it in a shop on level 5 of the Dungeon)

   [amulet of regeneration]

   rElec:     It insulates you from electricity.
   Fly:       It grants you flight.
   Regen:     It increases your rate of health regeneration.
   rCorr:     It protects you from acid and corrosion.
   Stlth:     It makes you less stealthy.
 F - a ring of fire
 L - a ring of flight (left hand)
Wands
 h - a wand of acid (4)
 B - a wand of flame (10)
Scrolls
 e - 2 scrolls of noise
 k - 2 scrolls of immolation
 p - a scroll of fog
 u - 2 scrolls of teleportation
 w - 4 scrolls of amnesia
 x - a scroll of enchant armour
Potions
 c - 2 potions of curing
 d - a potion of mutation
 f - a potion of invisibility
 g - 4 potions of resistance
 j - 5 potions of flight
 m - a potion of haste {unknown}
 n - 3 potions of brilliance
 q - 2 potions of heal wounds {unknown}
 r - 5 potions of might {unknown}
 z - 2 potions of attraction {unknown}
Miscellaneous
 l - a lightning rod (1/4)


   Skills:
 - Level 7.0 Fighting
 - Level 3.0(5.2) Maces & Flails
 - Level 6.7(7.0) Staves
 - Level 5.0 Armour
 - Level 5.0 Dodging
 - Level 1.2 Stealth
 - Level 1.0 Spellcasting
 - Level 2.0 Air Magic
 + Level 8.7 Poison Magic
 - Level 4.2 Evocations


You had 10 spell levels left.
You knew the following spells:

 Your Spells              Type           Power      Damage    Failure   Level
v - Poisonous Vapours     Pois/Air       32%        N/A       14%         2

Your spell library contained the following spells:

 Spells                   Type           Power      Damage    Failure   Level
 Sting                    Tmut/Pois      52%        1d5       14%         1
 Olgreb's Toxic Radiance  Pois           26%        N/A       22%         4
 Freeze                   Ice            0%         1d3       63%         1
 Ensorcelled Hibernation  Hex/Ice        0%         N/A       77%         2
 Dazzling Flash           Conj/Hex       0%         N/A       94%         3
 Inner Flame              Hex/Fire       0%         N/A       94%         3
 Ozocubu's Armour         Ice            0%         N/A       94%         3
 Passage of Golubria      Tloc           0%         N/A       100%        4
 Agony                    Necr           0%         N/A       100%        5
 Silence                  Hex/Air        1%         N/A       100%        5
 Yara's Violent Unravell  Hex/Tmut       0%         3d3       100%        5
 Enfeeble                 Hex            0%         N/A       100%        7
 Haunt                    Necr/Summ      0%         N/A       100%        7
 Lehudib's Crystal Spear  Conj/Erth      0%         10d2      100%        8


Dungeon Overview and Level Annotations

Branches:
Dungeon (10/15)            Temple (1/1) D:4             Orc (0/2) D:10
   Lair: D:8-11

Altars:
Ashenzari
Cheibriados
Dithmenos
Elyvilon
Fedhas
Gozag
Hepliaklqana
Kikubaaqudgha
Makhleb
Nemelex Xobeh
Qazlal
Ru
Sif Muna
Trog
Uskayaw
Vehumet
Wu Jian
Xom
Yredelemnul
Zin
The Shining One

Shops:
D:3 ?   D:4 (   D:5 *(*

Annotations:
D:3 2 transporters
D:10 Nergalle


Innate Abilities, Weirdness & Mutations

You have razor-sharp teeth.
Your natural rate of healing is unusually fast.
When hurt, damage is shared between your health and your magic reserves.
Your bite disrupts and absorbs the magic of your enemies.
Potions cannot restore your health.


Message History

The spectral orc knight hits you with a +0 war axe.
You feel drained. The spectral orc closely misses you.
You hit Nergalle but do no damage. You bite Nergalle, but do no damage.
Nergalle is lightly wounded.
Nergalle hits you but does no damage.
You barely miss Nergalle. Your bite misses Nergalle.
Nergalle is moderately wounded.
The spectral orc knight hits you with a +0 long sword!
You feel drained.
The spectral orc knight hits you but does no damage.
The spectral orc hits you but does no damage.
Nergalle misses you.
You barely miss Nergalle. Your bite misses Nergalle.
Nergalle is moderately wounded.
The spectral orc knight closely misses you.
The spectral orc misses you.
The spectral orc knight closely misses you.
You completely miss Nergalle.
Nergalle is moderately wounded.
Nergalle shouts, "Kill, kill, my pretties!"
Nergalle barely misses you.
The spectral orc knight hits you with a +0 long sword.
The spectral orc knight hits you with a +0 war axe.
You feel drained. The spectral orc misses you.
You closely miss Nergalle.
Nergalle is moderately wounded.
Nergalle hits you with a +0 dagger.
The spectral orc knight hits you with a +0 long sword.
The spectral orc knight hits you with a +0 war axe!
* * * LOW HITPOINT WARNING * * *
The spectral orc hits you with a +0 hand axe.
* * * LOW HITPOINT WARNING * * *
You feel drained.
* * * LOW HITPOINT WARNING * * *
You hit Nergalle but do no damage.
Nergalle is moderately wounded.
Nergalle hits you but does no damage.
The spectral orc knight hits you with a +0 long sword!
You die...
Your body crumbles into a pile of gold.

........#### ........#
#... ........# #..#
######..# #..# #..# #..#
#..# #..# #..# #..#
######..########Z.######
...............Z@o......
...............Z........
.........####...........
.........# #...........
.........# #.)....>....
.........# #...$.......
.........# #...........
.........# #..........<
.........# .......


You could see Nergalle (very poisoned), a spectral orc (summoned) and 2 spectral
orc knights.

Vanquished Creatures
  A two-headed ogre (D:9)
  Pikel (D:6)
  Maurice (D:8)
  Joseph (D:10)
  Psyche (D:9)
  A kobold demonologist (D:10)
  A troll (D:9)
  A dream sheep (D:9)
  A shadow (D:9)
  4 yaks (D:9)
  A wraith (D:10)
  A golden eye (D:9)
  A steam dragon (D:9)
  3 wargs (D:10)
  A water moccasin (D:5)
  An orc warrior (D:8)
  Duvessa (D:6)
  An ice beast (D:5)
  A sky beast (D:8)
  2 ogres
  3 centaurs
  A phantom (D:4)
  Blork the orc (D:6)
  A bullfrog (D:9)
  A scorpion (D:5)
  Dowan (D:6)
  23 killer bees
  4 electric eels (D:8)
  4 howler monkeys (D:9)
  5 orc priests
  3 hounds
  3 jellies
  3 gnoll boudas
  3 sleepcaps
  Terence (D:2)
  2 iguanas
  7 orc wizards
  6 adders
  12 gnolls
  A shadow imp (D:5)
  3 white imps
  An ufetubus (D:4)
  2 worms
  3 dart slugs
  37 orcs
  3 bats
  7 endoplasms
  7 giant cockroaches
  4 hobgoblins
  3 jackals (D:1)
  5 quokkas
  7 ball pythons
  3 frilled lizards
  5 goblins
  10 kobolds
  5 rats
216 creatures vanquished.

Vanquished Creatures (collateral kills)
  A water moccasin (D:5)
  A killer bee (D:9)
  2 gnolls (D:4)
  An orc (D:5)
5 creatures vanquished.

Vanquished Creatures (others)
  A killer bee (D:9)
  3 gnolls (D:4)
  An orc (D:8)
  5 plants (D:9)
10 creatures vanquished.

Grand Total: 231 creatures vanquished

Notes
Turn   | Place    | Note
-------+----------+-------------------------------------------
     0 | D:1      | Armakuni the Vine Stalker Artificer began the quest for the
                  | Orb.
     0 | D:1      | Reached XP level 1. HP: 9/9 MP: 2/2
   139 | D:1      | Reached skill level 1 in Fighting
   170 | D:1      | Reached XP level 2. HP: 8/14 MP: 1/3
   696 | D:1      | Reached XP level 3. HP: 15/19 MP: 4/4
  1420 | D:2      | Noticed Terence
  1423 | D:2      | Killed Terence
  1424 | D:2      | Reached skill level 1 in Maces & Flails
  1424 | D:2      | Gained mutation: Your natural rate of healing is unusually
                  | fast. [Vine Stalker growth]
  1424 | D:2      | Reached XP level 4. HP: 24/24 MP: 5/5
  1606 | D:2      | Identified the +12 war axe of the Hidden Vale {venom,
                  | rPois}
  1946 | D:3      | Found a transporter.
  1948 | D:3      | Found Qibit's Magic Scroll Emporium.
  2119 | D:3      | Reached XP level 5. HP: 28/28 MP: 6/6
  2206 | D:3      | Found a transporter.
  2824 | D:4      | Noticed a phantom
  2832 | D:4      | Killed a phantom
  2833 | D:4      | Reached skill level 1 in Dodging
  2833 | D:4      | Reached XP level 6. HP: 25/32 MP: 7/7
  2997 | D:4      | Found a staircase to the Ecumenical Temple.
  3013 | Temple   | Entered the Ecumenical Temple
  3153 | Temple   | Became a worshipper of Gozag Ym Sagoz the Greedy
  3395 | D:4      | Found Wutamel's Antique Weapon Emporium.
  3505 | D:5      | Entered Level 5 of the Dungeon
  3505 | D:5      | Noticed a water moccasin
  3519 | D:5      | Noticed an ice beast
  3537 | D:5      | Killed a water moccasin
  3572 | D:5      | Killed an ice beast
  3573 | D:5      | Reached XP level 7. HP: 12/36 MP: 2/8
  3712 | D:5      | Found Huv Uxka's Weapon Shoppe.
  4021 | D:5      | Found Cirill's General Store.
  4090 | D:5      | Found Raesch Gits's Assorted Antiques.
  4101 | D:5      | Bought a bound ivory amulet for 145 gold pieces
  4101 | D:5      | Identified the amulet "Lothom" {Fly rElec Regen+ rCorr
                  | Stlth-} (You bought it in a shop on level 5 of the Dungeon)
  4119 | D:5      | Bought a red potion for 26 gold pieces
  4119 | D:5      | Bought a fizzy purple potion for 26 gold pieces
  4119 | D:5      | Bought a dark potion for 26 gold pieces
  4119 | D:5      | Bought a dark potion for 26 gold pieces
  4119 | D:5      | Bought a scroll of identify for 58 gold pieces
  5012 | D:6      | Noticed Duvessa
  5037 | D:5      | Reached skill level 5 in Fighting
  5037 | D:5      | Gained mutation: You have razor-sharp teeth. [Vine Stalker
                  | growth]
  5037 | D:5      | Reached XP level 8. HP: 34/43 MP: 6/9
  5091 | D:6      | Killed Duvessa
  5147 | D:6      | Noticed Dowan
  5158 | D:6      | Killed Dowan
  5311 | D:6      | Noticed Pikel
  5323 | D:6      | Killed Pikel
  5324 | D:6      | Reached skill level 5 in Dodging
  5413 | D:6      | Reached skill level 5 in Armour
  5413 | D:6      | Reached XP level 9. HP: 33/47 MP: 7/10
  5571 | D:6      | Got the Secrets of Bloody Ice
  5666 | D:6      | Noticed Blork the orc
  5677 | D:6      | Killed Blork the orc
  5999 | D:5      | Bought a shiny scale mail for 203 gold pieces
  6098 | D:7      | Identified the +2 robe of Sif Muna's Benevolence {rElec
                  | Str+5 Dex+3 Stlth-}
  6660 | D:8      | Noticed Maurice
  6675 | D:8      | Killed Maurice
  6773 | D:8      | Found a sparkling altar of Nemelex Xobeh.
  7114 | D:7      | Reached skill level 5 in Staves
  7158 | D:8      | Reached XP level 10. HP: 55/55 MP: 11/11
  7399 | D:8      | Upgraded the game from 0.30-a0-1124-g6e8f0f562f to
                  | 0.30-a0-1158-gd85ba11b5a
  7713 | D:9      | Noticed Psyche
  7727 | D:9      | Killed Psyche
  7962 | D:9      | Learned a level 2 spell: Poisonous Vapours
  7982 | D:9      | Reached skill level 1 in Poison Magic
  8010 | D:9      | Reached skill level 1 in Spellcasting
  8010 | D:9      | Reached skill level 1 in Air Magic
  8115 | D:9      | Found a blossoming altar of Fedhas.
  8187 | D:9      | Noticed Erica
  8190 | D:9      | Erica changed into Erica the dream sheep
  8190 | D:9      | Noticed Erica
  8198 | D:9      | Killed Erica the dream sheep
  8199 | D:9      | Reached skill level 2 in Poison Magic
  8215 | D:9      | Noticed Erolcha
  8217 | D:9      | Erolcha changed into Erolcha the golden eye
  8217 | D:9      | Noticed Erolcha
  8220 | D:9      | Killed Erolcha the golden eye
  8301 | D:9      | Reached skill level 3 in Poison Magic
  8420 | D:9      | Found a snail-covered altar of Cheibriados.
  8522 | D:9      | Reached skill level 4 in Poison Magic
  8587 | D:9      | Found a white marble altar of Elyvilon.
  8634 | D:9      | Reached skill level 5 in Poison Magic
  8935 | D:10     | Entered Level 10 of the Dungeon
  8935 | D:10     | Noticed a two-headed ogre
  8947 | D:9      | Killed a two-headed ogre
  8948 | D:9      | Reached skill level 7 in Poison Magic
  8987 | D:10     | Found a staircase to the Orcish Mines.
  8999 | D:10     | Reached XP level 11. HP: 44/58 MP: 9/13
  9052 | D:10     | Reached skill level 8 in Poison Magic
  9210 | D:10     | Noticed Joseph
  9223 | D:10     | Killed Joseph
  9278 | D:10     | Noticed Nergalle
  9289 | D:10     | HP: 2/51 [spectral orc/+0 hand axe[Nergalle] (1)]
  9290 | D:10     | Slain by a spectral orc knight

Illustrated notes

Levels and vault maps discovered:
D:1:      minmay_arrival_split_and_join, layout_basic, reono_crystal_passage,
          due_unseen_surprise
D:2:      layout_loops_ring, uniq_terence
D:3:      layout_loops_ring, serial_shops, nicolae_shop_drivethru
D:4:      layout_loops_ring, minmay_temple_entry_crystal_x, serial_shops,
          kennysheep_little_box
D:5:      layout_layer_cave, serial_shops, shop, nicolae_shop_tiny_glass,
          nicolae_shop_dealshenge, chequers_decorated_corner,
          kennysheep_generic_room_5
D:6:      layout_basic, uniq_duvessa, uniq_pikel, uniq_blork_the_orc
D:7:      layout_cave_pools, nicolae_overflow_hidden_temple
D:8:      nicolae_moon_pools, layout_loops_cross, lemuel_crystal_altar,
          uniq_maurice
D:9:      layout_layer_cave, amcnicky_altar_gilded,
          lemuel_coloured_pillars_altar, nicolae_elyvilon_temple_path,
          uniq_erica, uniq_psyche, uniq_erolcha
D:10:     layout_small_grid, minmay_orc_entry_guard_dogs, uniq_joseph,
          uniq_nergalle
Temple:   nicolae_temple_bog_church

Skill      XL: |  1  2  3  4  5  6  7  8  9 10 11 |
---------------+----------------------------------+-----
Fighting       | 1 2 3 5 7 |  7.0
Maces & Flails | 1 2 3 |  3.0
Evocations     | 4 |  4.2
Dodging        | 1 2 3 5 |  5.0
Armour         | 2 3 5 |  5.0
Staves         | 5 6 |  6.7
Poison Magic   | 7 8 |  8.7
Spellcasting   | 1 |  1.0
Air Magic      | 2 |  2.0
Stealth        | |  1.2

Action                     |  1- 3 |  4- 6 |  7- 9 | 10-12 || total
---------------------------+-------+-------+-------+-------++-------
  Melee: Club              |   126 |    42 |       |       ||   168
         Bite              |    32 |    40 |    98 |    50 ||   220
         Whip              |       |    44 |   357 |   171 ||   572
         Flail             |       |    59 |       |       ||    59
         Punch             |       |     1 |     5 |     2 ||     8
   Cast: Poisonous Vapours |       |       |       |    21 ||    21
  Evoke: Wand              |     6 |    23 |    19 |     7 ||    55
         Lightning rod     |       |       |       |     5 ||     5
    Use: Scroll            |     7 |     2 |     7 |     5 ||    21
         Potion            |       |     1 |     4 |       ||     5
   Stab: Sleeping          |     2 |     1 |       |       ||     3
         Distracted        |       |       |     4 |       ||     4
         Confused          |       |       |     1 |       ||     1
 Armour: Leather armour    |    45 |    54 |    67 |       ||   166
         Scale mail        |       |       |    98 |    96 ||   194
  Dodge: Dodged            |    79 |    99 |   256 |   133 ||   567

Table legend: (Time is in decaauts)
 A = Elapsed time spent in this place.
 B = Non-inter-level travel time spent in this place.
 C = Inter-level travel time spent in this place.
 D = Time resting spent in this place.
 E = Time spent auto-exploring this place.
 F = Levels seen in this place.
 G = Mean time per level.
                   A        B        C        D        E       F      G
               +--------+--------+--------+--------+--------+-----+--------+
         Total |   9355 |   9043 |    312 |    470 |   6105 |  11 |  850.5 |
       Dungeon |   9201 |   8901 |    300 |    470 |   5998 |  10 |  920.1 |
        Temple |    153 |    141 |     12 |      0 |    107 |   1 |  153.0 |
               +--------+--------+--------+--------+--------+-----+--------+

Top non-repeatable levels by time:
     D:5: 1598 daAuts
     D:9: 1327 daAuts
     D:1: 1172 daAuts
     D:8: 1047 daAuts
     D:6: 852 daAuts
     D:2: 766 daAuts
     D:4: 752 daAuts
     D:3: 751 daAuts
     D:7: 586 daAuts
    D:10: 346 daAuts
  Temple: 153 daAuts
